 Dungeon Crawl Stone Soup version 0.20-a0-270-g8e735b6 (webtiles) character file.

2891 tsouns the Spear-Bearer (level 9, -2/74 HPs)
             Began as a Demonspawn Wanderer on Dec 9, 2016.
             Was a Follower of Makhleb.
             Slain by a killer bee (5 damage)
             ... on level 7 of the Dungeon.
             The game lasted 00:36:28 (8563 turns).

tsouns the Spear-Bearer (Demonspawn Wanderer)       Turns: 8563, Time: 00:36:29

Health: -2/74      AC:  7    Str: 15    XL:     9   Next: 48%
Magic:  9/9        EV: 11    Int: 15    God:    Makhleb [*.....]
Gold:   304        SH:  0    Dex: 14    Spells: 1/8 levels left

rFire  + + .     SeeInvis +     a - +4 spear
rCold  + + .     Gourm    .     u - +2 ring mail {rC+}
rNeg   . . .     Faith    .     (no shield)
rPois  +         Spirit   .     (helmet unavailable)
rElec  +         Reflect  .     (no cloak)
rCorr  +         Harm     .     (no gloves)
MR     .....                    (no boots)
Stlth  +.........               (no amulet)
                                t - +2 ring of dexterity
                                h - ring of flight

@: lethally poisoned (-2 -> -6), resistant
A: antennae 3, demonic guardian 1, fire resistance 1, flame cloud immunity
a: Renounce Religion, Evoke Flight


You were on level 7 of the Dungeon.
You worshipped Makhleb.
Makhleb was aware of your devotion.
You were not hungry.

You visited 2 branches of the dungeon, and saw 9 of its levels.

You collected 304 gold pieces.

Inventory:

Hand Weapons
 a - a +4 spear (weapon)
 j - a +0 halberd of flaming
 x - the +5 flail of Wrongful Imprisonment {vamp, rC+ Dex+4}
   (You found it on level 5 of the Dungeon)

   It inflicts no extra harm, but heals its wielder when it wounds a living foe.
   It affects your dexterity (+4).
   It protects you from cold.
Missiles
 i - 248 stones (quivered)
Armour
 d - a +0 plate armour
 s - a +2 buckler
 u - a +2 ring mail of cold resistance (worn)
Jewellery
 h - a ring of flight (left hand)
 t - a +2 ring of dexterity (right hand)
Wands
 b - a wand of polymorph (7/24)
 w - a wand of flame (34/48)
 y - a wand of disintegration (19/24)
Scrolls
 k - 7 scrolls of remove curse
 v - 2 scrolls of identify
Potions
 l - a potion of flight
 n - a potion of ambrosia
 p - a potion of resistance
 q - a potion of cancellation
Books
 c - a book of Changes

   Spells                             Type                      Level
   a - Beastly Appendage              Transmutation                1
   b - Sticks to Snakes               Transmutation                2
   c - Spider Form                    Transmutation/Poison         3
   d - Ice Form                       Ice/Transmutation            4
   e - Blade Hands                    Transmutation                5
 e - a book of Conjurations

   Spells                             Type                      Level
   a - Magic Dart                     Conjuration                  1
   b - Searing Ray                    Conjuration                  2
   c - Dazzling Spray                 Conjuration/Hexes            3
   d - Fulminant Prism                Conjuration/Hexes            4
   e - Iskenderun's Mystic Blast      Conjuration                  4
   f - Iskenderun's Battlesphere      Conjuration/Charms           5
 g - a book of Minor Magic

   Spells                             Type                      Level
   a - Magic Dart                     Conjuration                  1
   b - Blink                          Translocation                2
   c - Call Imp                       Summoning                    2
   d - Repel Missiles                 Charms/Air                   2
   e - Slow                           Hexes                        2
   f - Conjure Flame                  Conjuration/Fire             3
   g - Mephitic Cloud                 Conjuration/Poison/Air       3
 r - a book of Callings

   Spells                             Type                      Level
   a - Summon Small Mammal            Summoning                    1
   b - Call Imp                       Summoning                    2
   c - Call Canine Familiar           Summoning                    3
   d - Summon Guardian Golem          Hexes/Summoning              3
   e - Summon Lightning Spire         Summoning/Air                4
   f - Summon Ice Beast               Ice/Summoning                4
Comestibles
 f - 6 bread rations
 m - 7 slices of pizza
 o - a meat ration
 A - 3 fruits


   Skills:
 + Level 8.2 Fighting
 * Level 9.4 Polearms
 - Level 1.7 Armour
 - Level 1.7 Dodging
 - Level 1.7 Stealth
 - Level 2.8 Shields


You had one spell level left.
You knew the following spells:

 Your Spells              Type           Power        Failure   Level  Hunger
a - Blink                 Tloc           N/A          78%         2    ###....
b - Repel Missiles        Chrm/Air       #.....       78%         2    ###....
c - Conjure Flame         Conj/Fire      #.......     98%         3    ####...


Dungeon Overview and Level Annotations

Branches:
Dungeon (8/15)             Temple (1/1) D:6
   Lair: D:8-11

Altars:
Ashenzari
Dithmenos
Elyvilon
Fedhas
Gozag
Hepliaklqana
Kikubaaqudgha
Makhleb
Nemelex Xobeh
Qazlal
Ru
Sif Muna
Trog
Xom
Yredelemnul
Zin
The Shining One
Lugonu

Shops:
D:5 :   D:7 (

Annotations:
D:8 Gastronok


Innate Abilities, Weirdness & Mutations

You have a pair of large antennae on your head. (SInv)
A weak demonic guardian rushes to your aid.
Your flesh is heat resistant. (rF+)
You are immune to clouds of flame.


Message History

The killer bee is heavily wounded.
The killer bee stings you.
* * * LOW HITPOINT WARNING * * *
You are poisoned.
The killer bee poisons you! The killer bee stings you.
* * * LOW HITPOINT WARNING * * *
Okay, then.
Okay, then.
You miss the killer bee.
The killer bee is heavily wounded.
* * * LOW HITPOINT WARNING * * *
You feel sick.
Your white imp disappears in a puff of smoke!
The killer bee closely misses you. The killer bee stings you.
* * * LOW HITPOINT WARNING * * *
Okay, then.
You barely miss the killer bee.
The killer bee is heavily wounded.
The killer bee stings you.
You die...

#.......... #.#########
#######################.#
....#...................#
###.#.################### #
#.#.# ##########
###[#.###........### #########
........'.......yyy# #.......#
..#.#.###.......@#{# #.......#
#.#.#.############y###.......#
.................{{..'5....>.#
..#.#.############.5##.......#
..#.#....# #.{o.........#
..#.####.# #.........∩..#
..#.#....# #............#
..#.#.#### #............#
..#.#.#############..######+##


You could see 3 killer bees.

Vanquished Creatures
  2 yaks (D:7)
  2 hogs (D:7)
  A human (D:7)
  An ice beast (D:5)
  An orc warrior (D:7)
  A sky beast (D:5)
  2 ogres
  A centaur (D:7)
  A bullfrog (D:7)
  A howler monkey (D:6)
  A crimson imp (D:7)
  A quasit (D:6)
  A hound (D:5)
  2 jellies
  4 orc priests
  3 orc wizards
  3 bullfrog skeletons
  A centaur skeleton (D:5)
  2 iguanas (D:4)
  6 worker ants
  A howler monkey zombie (D:5)
  A worker ant zombie (D:7)
  16 adders
  18 gnolls
  2 shadow imps
  An ooze (D:2)
  An adder skeleton (D:4)
  9 worms
  2 dart slugs (D:1)
  2 leopard geckos
  26 orcs
  A ball python (D:4)
  5 giant cockroaches
  6 goblins
  7 hobgoblins
  16 jackals
  3 quokkas
  7 bats
  6 frilled lizards
  8 kobolds
  A leopard gecko zombie (D:6)
  A quokka skeleton (D:5)
  10 rats
187 creatures vanquished.

Vanquished Creatures (collateral kills)
  Pikel (D:7)
  2 orcs (D:7)
3 creatures vanquished.

Vanquished Creatures (others)
  A black bear (D:8)
1 creature vanquished.

Grand Total: 191 creatures vanquished

Notes
Turn   | Place    | Note
-------+----------+-------------------------------------------
     0 | D:1      | tsouns the Demonspawn Wanderer began the quest for the Orb.
     0 | D:1      | tsouns set off with: a +2 spear, a +0 ring mail, a potion of lignification, a +0 dagger, a bread ration
     0 | D:1      | Reached XP level 1. HP: 18/18 MP: 1/1
   134 | D:1      | Gained mutation: Your flesh is heat resistant. (rF+) [demonic ancestry]
   134 | D:1      | Reached XP level 2. HP: 24/24 MP: 2/2
   395 | D:1      | Reached skill level 2 in Polearms
   830 | D:2      | Gained mutation: You are immune to clouds of flame. [demonic ancestry]
   830 | D:2      | Reached XP level 3. HP: 20/29 MP: 3/3
   983 | D:2      | Found a white marble altar of Elyvilon.
  1041 | D:2      | Found a basalt altar of Yredelemnul.
  1210 | D:2      | Gained mutation: You have a pair of small antennae on your head. [demonic ancestry]
  1210 | D:2      | Reached XP level 4. HP: 34/37 MP: 4/4
  1652 | D:2      | Reached skill level 3 in Polearms
  2022 | D:3      | Reached XP level 5. HP: 42/42 MP: 5/5
  2029 | D:3      | Found a sacrificial altar of Ru.
  2869 | D:3      | Reached skill level 1 in Shields
  3226 | D:3      | Gained mutation: You have a pair of antennae on your head. [demonic ancestry]
  3226 | D:3      | Reached XP level 6. HP: 38/49 MP: 6/6
  3371 | D:4      | Reached skill level 4 in Polearms
  4017 | D:4      | Reached skill level 5 in Fighting
  4143 | D:4      | Gained mutation: You have a pair of large antennae on your head. (SInv) [demonic ancestry]
  4143 | D:4      | Reached XP level 7. HP: 48/56 MP: 7/7
  4959 | D:5      | Entered Level 5 of the Dungeon
  5199 | D:5      | Reached skill level 5 in Polearms
  5337 | D:5      | Found Poawemn's Book Shoppe.
  5384 | D:5      | Reached skill level 6 in Polearms
  5490 | D:5      | Found a shattered altar of Ashenzari.
  5534 | D:5      | Got a scorched flail
  5536 | D:5      | Identified the +5 flail of Wrongful Imprisonment {vamp, rC+ Dex+4} (You found it on level 5 of the Dungeon)
  5716 | D:5      | Gained mutation: A weak demonic guardian rushes to your aid. [demonic ancestry]
  5716 | D:5      | Reached XP level 8. HP: 56/64 MP: 8/8
  6219 | D:6      | Found a shadowy altar of Dithmenos.
  6407 | D:6      | Found a staircase to the Ecumenical Temple.
  6417 | Temple   | Entered the Ecumenical Temple
  6513 | Temple   | Became a worshipper of Makhleb the Destroyer
  6540 | D:6      | Found a white marble altar of Elyvilon.
  7049 | D:7      | Reached skill level 7 in Polearms
  7118 | D:7      | Found a sparkling altar of Nemelex Xobeh.
  7208 | D:7      | HP: 3/100 [yak (10)]
  7211 | D:7      | Reached skill level 8 in Polearms
  7222 | D:7      | Reached XP level 9. HP: 6/72 MP: 9/9
  7821 | D:6      | Learned a level 2 spell: Blink
  7824 | D:6      | Learned a level 2 spell: Repel Missiles
  7828 | D:6      | Learned a level 3 spell: Conjure Flame
  8183 | D:7      | Reached * piety under Makhleb
  8222 | D:7      | Found Wuss's Weapon Boutique.
  8355 | D:8      | Noticed Pikel
  8365 | D:8      | Noticed Gastronok
  8381 | D:7      | Killed Pikel
  8381 | D:7      | Reached skill level 9 in Polearms
  8562 | D:7      | HP: 3/74 [killer bee (1)]
  8563 | D:7      | Slain by a killer bee

Vault maps used:
D:1:      lemuel_arrival_muddy
D:2:      kennysheep_ying_yang
D:3:      marbit_many_paths
D:4:      nicolae_ossuary_entry_false_entrances, first_bread
D:5:      nicolae_ashenzari_panopticon, serial_corexii_hall,
          corexii_hall_statues_t, corexii_hall_statues_x,
          corexii_hall_statues_l, corexii_hall_statues_u, serial_shops,
          nicolae_shop_trees, hangedman_abyss_or_decor_jellyfish_corner
D:6:      nicolae_dithmenos_shadow_blocks, elyvilon_altar_5
D:7:      serial_shops, shop, grunt_livestock, nemelex_lonely_heart_becter
D:8:      nicolae_overflow_hidden_temple, nicolae_ru_the_path_less_chosen,
          uniq_grum, uniq_psyche, uniq_gastronok, uniq_pikel
Temple:   kb_corrupted_temple

Skill      XL: |  1  2  3  4  5  6  7  8  9 |
---------------+----------------------------+-----
Polearms       | 2 3 4 6 8 9 |  9.4
Fighting       | 4 5 6 7 8 |  8.2
Shields        | 2 |  2.8
Armour         | |  1.7
Dodging        | |  1.7
Stealth        | |  1.7

Action                   |  1- 3 |  4- 6 |  7- 9 || total
-------------------------+-------+-------+-------++-------
Melee: Spear             |   111 |   330 |   381 ||   822
       Halberd           |       |    24 |    41 ||    65
Throw: Stone             |     2 |     9 |       ||    11
Evoke: Wand              |       |       |     1 ||     1
  Use: Scroll            |       |    11 |     7 ||    18
       Potion            |       |     2 |     6 ||     8
 Stab: Sleeping          |     1 |       |     1 ||     2
       Distracted        |       |       |     2 ||     2
  Eat: Chunk             |     1 |     8 |    10 ||    19
       Beef jerky        |       |     1 |     3 ||     4
Armor: Ring mail         |    25 |    78 |    86 ||   189
       Skin              |       |       |    16 ||    16
Dodge: Dodged            |    35 |   122 |   124 ||   281
Block: Buckler           |       |    41 |       ||    41
